 Dungeon Crawl Stone Soup version 0.30-a0-1075-gcd70e7a56d (webtiles) character file.

Game seed: 16342243112973816434

145 NinjaNoafa the Conjurer (level 5, -1/57 HPs)
             Began as a Draconian Conjurer on Apr 14, 2023.
             Slain by a gnoll
             ... wielding a +0 halberd
              (10 damage)
             ... on level 4 of the Dungeon.
             The game lasted 00:04:35 (2767 turns).

NinjaNoafa the Conjurer (Draconian Conjurer)        Turns: 2767, Time: 00:04:36

Health: -1/57      AC:  5    Str:  9    XL:     5   Next: 6%
Magic:  0/11       EV: 12    Int: 21    God:
Gold:   275        SH:  0    Dex:  9    Spells: 9/12 levels left

rFire   . . .      SeeInvis .    a - +2 dagger (protect)
rCold   . . .      Faith    .    (no shield)
rNeg    . . .      Spirit   .    (body armour unavailable)
rPois   .          Reflect  .    (helmet restricted)
rElec   .          Rampage  .    (no cloak)
rCorr   .                        (no gloves)
Will    .....                    (no boots) Stlth
                                 (no amulet)
HPRegen 0.29/turn                (no ring)
MPRegen 0.12/turn                (no ring)

@: berserking, very quick
A: AC +5, unfitting armour, cold-blooded
a: no special abilities


You were on level 4 of the Dungeon.
You visited 1 branch of the dungeon, and saw 4 of its levels.

You collected 275 gold pieces.

Inventory:

Hand Weapons
 a - a +2 dagger of protection (weapon)
Missiles
 e - 11 poisoned darts
 n - 7 boomerangs
Armour
 l - a +0 kite shield
Magical Staves
 b - a staff of earth
Scrolls
 c - 3 scrolls of teleportation
 f - a scroll of vulnerability
 g - a scroll of fear {unknown}
 j - a scroll of silence {unknown}
 m - 2 scrolls of fog
 o - a scroll of enchant weapon {unknown}
Potions
 d - 7 potions of curing
 h - a potion of magic
 i - a potion of berserk rage
 k - a potion of might
 p - a potion of attraction
 q - a potion of heal wounds {unknown}
 r - 2 potions of brilliance {unknown}


   Skills:
 - Level 1.7 Dodging
 - Level 1.7 Stealth
 + Level 4.1 Spellcasting
 - Level 5.0 Conjurations


You had 9 spell levels left.
You knew the following spells:

 Your Spells              Type           Power      Damage    Failure   Level
a - Magic Dart            Conj           100%       1d8       1%          1
b - Searing Ray           Conj           50%        2d6       2%          2

Your spell library contained the following spells:

 Spells                   Type           Power      Damage    Failure   Level
 Dazzling Flash           Conj/Hex       28%        N/A       13%         3
 Ensorcelled Hibernation  Hex/Ice        8%         N/A       19%         2
 Passwall                 Tmut/Erth      3%         N/A       19%         2
 Swiftness                Air            4%         N/A       34%         3
 Vhi's Electric Charge    Tloc/Air       8%         N/A       34%         3
 Fulminant Prism          Conj/Hex       7%         3d7       38%         4
 Iskenderun's Mystic Bla  Conj/Tloc      14%        2d5       38%         4
 Anguish                  Hex/Necr       2%         N/A       75%         4
 Cause Fear               Hex            2%         N/A       75%         4
 Arcjolt                  Conj/Air       7%         1d17      75%         5
 Enfeeble                 Hex            2%         N/A       100%        7
 Maxwell's Capacitive Co  Air            2%         ∞         100%        8


Dungeon Overview and Level Annotations

Branches:
Dungeon (4/15)
 Temple: D:4-7

Altars:
Ashenzari
Uskayaw
Yredelemnul


Innate Abilities, Weirdness & Mutations

Your plain brown scales are hard. (AC +5)
You cannot fit into any form of body armour.
You are cold-blooded and may be slowed by cold attacks.


Message History

The gnoll barely misses you.
You have reached level 5!
The magic dart hits the gnoll.
The gnoll is severely wounded.
The gnoll closely misses you.
The magic dart hits the gnoll but does no damage.
The gnoll is severely wounded.
The gnoll hits you from afar with a +0 halberd!
The magic dart hits the gnoll but does no damage.
The gnoll is severely wounded.
The gnoll hits you from afar with a +0 halberd!
* * * LOW HITPOINT WARNING * * *
Unknown command.
You are too injured to fight recklessly!
Casting: Magic Dart (safe; 1% risk of failure)
Confirm with . or Enter, or press ? or * to list all spells.
Aiming: Searing Ray (safe; 2% risk of failure)
Press: ? - help, Shift-Dir - straight line, f/p - gnoll
Aim: a gnoll, wielding a +0 halberd, wearing a +0 ring mail and wearing a ring of fire (severely wounded, 85% to hit)
The searing ray hits the gnoll but does no damage.
The gnoll is severely wounded. (Press . to maintain the ray.)
The gnoll closely misses you.
Aiming: Magic Dart (safe; 1% risk of failure)
Press: ? - help, Q - select action, (/) - cycle Shift-Dir - straight line, f/p - gnoll
Aim: a gnoll, wielding a +0 halberd, wearing a +0 ring mail and wearing a ring of fire (severely wounded, 100% to hit)
The magic dart hits the gnoll but does no damage.
The gnoll is severely wounded.
Aiming: Magic Dart (safe; 1% risk of failure)
Press: ? - help, Q - select action, (/) - cycle Shift-Dir - straight line, f/p - gnoll
Aim: a gnoll, wielding a +0 halberd, wearing a +0 ring mail and wearing a ring of fire (severely wounded, 100% to hit)
The magic dart hits the gnoll.
The gnoll is almost dead.
The gnoll hits you from afar with a +0 halberd!
* * * LOW HITPOINT WARNING * * *
Unknown command.
A red film seems to cover your vision as you go berserk!
You feel yourself moving faster!
You feel mighty!
The gnoll hits you from afar with a +0 halberd!
You die...

#.########## #.........#
#... #.#........#
#.........# #..#
#.#........# #.........#
#..# #.#........#
#.........# #..#
.....####### #.........#
#.)#
####.###########.........#
#.)#
#.....................#
#..#
#############.....(...#
#..# #@........#####...
#.#########...g.##
#.g.....# #g#####
#######.# #.# #.###.#
#.g.g.# #######


You could see a gnoll.

Vanquished Creatures
  2 gnolls (D:4)
  6 adders
  3 worms
  2 dart slugs
  4 ball pythons
  2 endoplasms
  A giant cockroach (D:1)
  6 goblins
  9 hobgoblins
  4 jackals
  2 quokkas (D:1)
  4 bats
  2 frilled lizards (D:1)
  5 kobolds
  9 rats
61 creatures vanquished.

Vanquished Creatures (others)
  4 toadstools (D:3)
4 creatures vanquished.

Grand Total: 65 creatures vanquished

Notes
Turn   | Place    | Note
-------+----------+-------------------------------------------
     0 | D:1      | NinjaNoafa the Draconian Conjurer began the quest for the
                  | Orb.
     0 | D:1      | Reached XP level 1. HP: 14/14 MP: 3/3
   176 | D:1      | Reached XP level 2. HP: 20/20 MP: 0/5
   197 | D:1      | Learned a level 2 spell: Searing Ray
   371 | D:1      | Reached skill level 5 in Conjurations
   384 | D:1      | Reached XP level 3. HP: 17/26 MP: 1/6
  1019 | D:2      | Found a faded altar of an unknown god.
  1489 | D:2      | Reached XP level 4. HP: 33/33 MP: 2/8
  1823 | D:3      | Found a broken altar of Ashenzari.
  2067 | D:3      | Found a basalt altar of Yredelemnul.
  2080 | D:3      | Found a hide-covered altar of Uskayaw.
  2728 | D:4      | Identified the +0 leather armour of Toamoucu {rPois rN+}
  2741 | D:4      | Reached XP level 5. HP: 34/38 MP: 4/11
  2767 | D:4      | Slain by a gnoll

Illustrated notes

Levels and vault maps discovered:
D:1:      lemuel_arrival_funnel, layout_basic
D:2:      layout_loops_ring, chequers_ecumenical_altar_simple, minivault_25,
          grunt_ministairs_9
D:3:      layout_loops_corners, mainiacjoe_overflow_catwalk_spiral,
          mainiacjoe_overflow_surrounded_room, minmay_gold_behind_fungi,
          feat_on_display
D:4:      layout_basic, gammafunk_temple_overflow_forgotten

Skill      XL: |  1  2  3  4 |
---------------+-------------+-----
Conjurations   | 5 |  5.0
Spellcasting   | 3 4 |  4.1
Dodging        | |  1.7
Stealth        | |  1.7

Action                     |  1- 3 |  4- 6 || total
---------------------------+-------+-------++-------
  Melee: Dagger            |    55 |    56 ||   111
         Tailslap          |    11 |     1 ||    12
         Short sword       |    44 |       ||    44
   Cast: Magic Dart        |    32 |    12 ||    44
         Searing Ray       |     8 |     8 ||    16
    Use: Scroll            |       |     7 ||     7
         Potion            |       |     1 ||     1
   Stab: Sleeping          |     1 |       ||     1
 Armour: Skin              |    46 |    31 ||    77
  Dodge: Dodged            |    97 |    44 ||   141

Table legend: (Time is in decaauts)
 A = Elapsed time spent in this place.
 B = Non-inter-level travel time spent in this place.
 C = Inter-level travel time spent in this place.
 D = Time resting spent in this place.
 E = Time spent auto-exploring this place.
 F = Levels seen in this place.
 G = Mean time per level.
                   A        B        C        D        E       F      G
               +--------+--------+--------+--------+--------+-----+--------+
         Total |   2761 |   2614 |    147 |      0 |   2026 |   4 |  690.2 |
       Dungeon |   2761 |   2614 |    147 |      0 |   2026 |   4 |  690.2 |
               +--------+--------+--------+--------+--------+-----+--------+

Top non-repeatable levels by time:
     D:3: 907 daAuts
     D:2: 815 daAuts
     D:1: 803 daAuts
     D:4: 235 daAuts
